Map: Polka LE

Players

Brillo

  • Race: Protoss Protoss
  • Spawn Location: 11:00

Donn

  • Race: Zerg Zerg
  • Spawn Location: 11:00

Massa - Winner!

  • Race: Terran Terran
  • League: Platinum
  • Spawn Location: 5:00

qqq - Winner!

  • Race: Protoss Protoss
  • League: Platinum
  • Spawn Location: 5:00

VOD

Have the link to the VOD?

Description

Time

  • Played on: Dec. 8, 2020, 8:12 a.m.
  • Length: 9:01
Show
View Real Time Build Order
Export as new Build Order

Brillo Protoss 

Build Orders:  

Get SALT Encoding   

  12  0:20  Probe  
  13  0:30  Pylon  
  13  0:32  Probe  
  14  0:44  Probe  
  15  1:03  Probe (Chrono Boost)  
  16  1:06  Nexus  
  16  1:15  Probe (Chrono Boost)  
  16  1:17  Gateway  
  17  1:20  Probe (Chrono Boost)  
  18  1:28  Assimilator  
  18  1:30  Assimilator  
  18  1:32  Probe (Chrono Boost)  
  19  1:46  Probe (Chrono Boost)  
  20  1:55  Probe  
  21  2:04  Cybernetics Core  
  21  2:07  Probe  
  22  2:17  Forge  
  22  2:19  Probe  
  23  2:23  Pylon  
  23  2:26  Pylon  
  23  2:34  Pylon  
  23  2:36  Probe  
  20  2:53  Photon Cannon  
  20  2:57  Photon Cannon  
  16  3:39  Probe x2  
  18  3:54  Probe  
  18  4:06  Pylon  
  18  4:07  Nexus  
  15  4:31  Probe  
  16  4:42  Pylon  
  15  4:53  Pylon  
  15  4:58  Probe  
  16  5:14  Photon Cannon  
  16  5:17  Photon Cannon  
  16  5:32  Photon Cannon  
  16  5:36  Probe (Chrono Boost)  
  16  5:38  Probe (Chrono Boost)  
  18  5:46  Probe (Chrono Boost)  
  14  5:51  Probe x2 (Chrono Boost)  
  16  6:03  Probe x2  
  18  6:23  Pylon  
  18  6:26  Probe x2  
  18  6:27  Probe  
  19  6:36  Photon Cannon  
  18  6:47  Gateway  
  17  6:51  Photon Cannon  
  17  6:54  Probe x2  
  19  6:55  Probe  
  15  7:35  Probe (Chrono Boost)  
  15  7:36  Probe (Chrono Boost)  
  15  7:37  Probe (Chrono Boost)  
  16  7:47  Probe (Chrono Boost)  
  16  7:49  Probe (Chrono Boost)  
  16  7:50  Probe (Chrono Boost)  
  19  7:55  Probe (Chrono Boost)  
  19  7:56  Pylon  
  19  7:57  Probe (Chrono Boost)  
  21  8:11  Cybernetics Core  
Show
View Real Time Build Order
Export as new Build Order

Donn Zerg 

Build Orders: Hatch First 

Get SALT Encoding   

  12  0:01  Drone  
  13  0:08  Drone  
  14  0:16  Overlord  
  14  0:35  Drone x3  
  17  0:46  Drone  
  18  1:00  Hatchery  
  17  1:10  Spawning Pool  
  16  1:20  Extractor  
  15  1:43  Drone x3  
  18  2:04  Spine Crawler, Queen  
  19  2:15  Spine Crawler  
  19  2:17  Hatchery  
  19  2:19  Zergling x2  
  18  2:25  Drone x2  
  20  2:44  Roach Warren  
  19  2:51  Queen  
  20  3:09  Zergling x4  
  22  3:22  Overlord  
  22  3:31  Roach x2  
  26  3:43  Roach x3  
  32  3:54  Ravager x2  
  34  3:56  Roach  
  35  4:10  Overlord  
  34  4:31  Roach x5  
  41  4:42  Drone  
  41  4:43  Drone x2  
  44  4:49  Extractor  
  43  5:07  Metabolic Boost  
  43  5:08  Overlord x2  
  43  5:21  Zergling x2  
  44  5:24  Overlord x2  
  44  5:35  Ravager  
  43  6:06  Ravager  
  43  6:09  Hatchery  
  43  6:13  Ravager  
  42  6:27  Drone x3  
  42  6:28  Drone x3  
  45  6:58  Roach x6  
  48  7:19  Roach  
  48  7:20  Roach x3  
  54  7:25  Drone  
  55  7:34  Ravager x2  
  55  8:02  Roach x2  
  55  8:03  Roach x5  
  61  8:32  Drone x4  
  61  8:33  Drone x3  
  74  8:38  Extractor x2  
Show
View Real Time Build Order
Export as new Build Order

Massa Terran - Winner!

Build Orders: Gas First Reaper Expand 

Get SALT Encoding   

  12  0:00  SCV  
  13  0:12  SCV  
  14  0:23  Supply Depot  
  14  0:24  SCV  
  14  0:28  Refinery  
  15  0:44  SCV  
  15  0:46  Barracks  
  16  0:56  SCV  
  17  1:09  SCV  
  18  1:30  SCV  
  18  1:31  Command Center  
  19  1:35  Reaper  
  20  1:45  Orbital Command  
  20  2:06  Supply Depot  
  20  2:15  SCV  
  21  2:33  Command Center  
  21  3:10  SCV  
  21  3:12  Orbital Command  
  22  3:22  SCV  
  23  3:37  SCV x2  
  25  3:44  Orbital Command  
  25  3:49  SCV, Barracks x3  
  25  3:50  SCV, Barracks  
  25  3:52  Factory  
  27  3:56  Barracks Tech Lab  
  27  4:01  SCV  
  27  4:02  SCV  
  29  4:14  SCV x2  
  31  4:23  SCV  
  32  4:26  SCV x2  
  34  4:36  SCV  
  34  4:38  SCV x2  
  37  4:48  Stimpack  
  37  4:49  Marauder  
  37  4:50  Barracks Reactor x2, Barracks Tech Lab x2  
  37  4:52  Factory Tech Lab  
  39  4:56  Refinery  
  39  4:57  Starport  
  39  4:59  SCV x2  
  42  5:00  SCV  
  42  5:02  Refinery  
  42  5:04  Refinery  
  42  5:10  Marauder  
  42  5:11  SCV  
  42  5:13  Combat Shield  
  45  5:25  Marine x4  
  45  5:26  Marine x2  
  51  5:31  Marine  
  52  5:37  Siege Tank  
  52  5:39  Starport Tech Lab  
  55  5:42  Marine  
  55  5:43  Marine x3  
  55  5:44  Marine  
  55  5:47  Marine  
  61  5:56  Supply Depot x2  
  61  5:58  Supply Depot  
  61  5:59  Supply Depot x3  
  61  6:00  Supply Depot  
  61  6:02  Marine x3  
  61  6:03  Marauder x2  
  68  6:04  Engineering Bay  
  68  6:06  Engineering Bay  
  68  6:08  Armory  
  68  6:09  SCV  
  69  6:15  Concussive Shells  
  69  6:18  SCV x2, Marauder  
  73  6:21  SCV  
  74  6:26  Marauder x2  
  74  6:27  Marine x2  
  74  6:30  SCV x2  
  84  6:40  Marauder  
  84  6:47  Marauder  
  84  6:48  Marauder  
  84  6:51  Marine x2  
  84  6:52  Siege Tank  
  93  6:54  Banshee  
  93  7:01  Marauder  
  97  7:09  Marauder  
  97  7:10  Orbital Command  
  99  7:23  SCV x2  
  99  7:24  Siege Tank  
  99  7:25  Marauder x2  
  99  7:26  Missile Turret x2  
  99  7:28  Marine  
  99  7:29  Marine, Missile Turret  
  109  7:30  Marauder  
  109  7:32  Marine  
  109  7:33  Marine  
  109  7:35  SCV x2  
  116  7:39  Medivac  
  118  7:46  Marauder  
  118  7:47  SCV x2  
  122  7:55  Supply Depot  
  122  7:57  Supply Depot  
  122  8:00  Siege Tank  
  125  8:16  SCV x2  
  125  8:17  SCV  
  128  8:29  SCV  
  129  8:37  Marauder x3, Marine x3  
  129  8:38  Marine  
Show
View Real Time Build Order
Export as new Build Order

qqq Protoss - Winner!

Build Orders: Cannon Rush 

Get SALT Encoding   

  12  0:02  Probe  
  13  0:15  Pylon  
  13  0:20  Probe  
  14  0:32  Probe  
  15  0:41  Forge  
  15  0:45  Probe  
  16  1:10  Pylon  
  16  1:11  Pylon  
  16  1:15  Probe  
  17  1:27  Probe  
  17  1:29  Photon Cannon  
  18  1:33  Pylon  
  18  1:41  Photon Cannon  
  18  1:53  Photon Cannon  
  18  2:02  Photon Cannon  
  18  2:08  Pylon  
  18  2:17  Gateway  
  18  2:30  Photon Cannon  
  18  2:49  Photon Cannon  
  18  2:56  Probe  
  19  3:00  Assimilator  
  19  3:08  Probe  
  19  3:09  Zealot, Cybernetics Core  
  22  3:16  Photon Cannon  
  22  3:36  Zealot, Pylon  
  24  3:43  Probe  
  25  3:56  Photon Cannon  
  25  4:02  Probe  
  26  4:03  Assimilator  
  26  4:13  Stalker  
  26  4:14  Probe  
  29  4:17  Shield Battery  
  29  4:24  Pylon  
  29  4:26  Probe  
  30  4:32  Gateway  
  30  4:38  Probe  
  31  4:41  Shield Battery  
  31  4:43  Stalker (Chrono Boost)  
  33  4:54  Photon Cannon  
  33  5:08  Stalker (Chrono Boost)  
  35  5:32  Photon Cannon  
  35  5:33  Stalker  
  33  5:54  Stalker  
  33  6:01  Stargate  
  33  6:03  Stalker  
  33  6:04  Pylon  
  35  6:13  Shield Battery  
  35  6:24  Shield Battery  
  35  6:29  Stalker  
  37  6:33  Stalker  
  37  6:57  Pylon  
  37  6:59  Stalker  
  39  7:05  Void Ray  
  41  7:21  Shield Battery  
Tags
 
Add a new tag
Caveats
  • Supply blocks, unpowered buildings, or Contaminate may cause inaccurate times.
  • Supply counts are checked every 10 seconds.